 Dungeon Crawl Stone Soup version 0.24-a0-619-gb7544fd (webtiles) character file.

Game seed: 6876235318221075059, levelgen mode: deterministic

1404 Dittersdorf the Shield-Bearer (level 9, -7/69 HPs)
             Began as a Human Fighter on Sept 18, 2019.
             Mangled by an orc warrior
             ... wielding a +0 war axe
              (16 damage)
             ... on level 6 of the Dungeon.
             The game lasted 00:08:52 (6500 turns).

Dittersdorf the Shield-Bearer (Human Fighter)       Turns: 6500, Time: 00:08:52

Health: -7/69      AC: 11    Str: 20    XL:     9   Next: 1%
Magic:  0/9        EV:  6    Int:  8    God:
Gold:   262        SH: 10    Dex: 13    Spells: 8/8 levels left

rFire    . . .     SeeInvis .   a - +0 long sword
rCold    . . .     Gourm    .   c - +0 shield
rNeg     . . .     Faith    .   F - +0 chain mail
rPois    +         Spirit   +   z - +0 helmet (curse)
rElec    .         Reflect  .   (no cloak)
rCorr    .         Harm     .   (no gloves)
MR       .....                  (no boots)
Stlth    ..........             C - amulet of guardian spirit
HPRegen  0.21/turn              p - ring of poison resistance
MPRegen  0.11/turn              (no ring)

@: no status effects
A: no striking features
a: no special abilities


You were on level 6 of the Dungeon.
You were not hungry.

You visited 1 branch of the dungeon, and saw 6 of its levels.

You collected 262 gold pieces.

Inventory:

Hand Weapons
 a - a +0 long sword (weapon)
 b - a +3 mace
Missiles
 s - 16 poisoned darts (quivered)
 t - 4 atropa-tipped darts
Armour
 c - a +0 shield (worn)
 k - a +0 plate armour
 z - a cursed +0 helmet (worn)
 F - a +0 chain mail (worn)
Jewellery
 p - a ring of poison resistance (left hand)
 C - an amulet of guardian spirit (around neck)
 E - an uncursed ring of fire
Wands
 i - a wand of paralysis (8)
 y - a wand of random effects (20)
 B - a wand of polymorph (13)
Scrolls
 e - 10 scrolls of identify {unknown}
 h - 3 scrolls of enchant weapon {unknown}
 n - 2 scrolls of enchant armour {unknown}
 o - 2 scrolls of remove curse {unknown}
 q - 3 scrolls of teleportation {unknown}
 r - 2 scrolls of blinking {unknown}
 w - a scroll of immolation {unknown}
Potions
 d - a potion of might
 g - 2 potions of flight {unknown}
 j - a potion of haste {unknown}
 l - 2 potions of degeneration {unknown}
 m - 2 potions of curing
 u - a potion of brilliance {unknown}
 v - 2 potions of heal wounds {unknown}
 A - a potion of invisibility {unknown}
Comestibles
 f - 11 rations
 D - 8 chunks of flesh


   Skills:
 + Level 6.0 Fighting
 + Level 5.5 Long Blades
 + Level 6.0 Armour
 + Level 6.0 Shields


You had 8 spell levels left.
You didn't know any spells.
Your spell library was empty.

Dungeon Overview and Level Annotations

Branches:
Dungeon (6/15)
 Temple: D:4-7

Altars:
Fedhas
Hepliaklqana
Qazlal
Wu Jian


Message History

The orc warrior is moderately wounded.
The orc warrior barely misses you.
You hit the orc warrior but do no damage.
The orc warrior is moderately wounded.
The orc warrior hits you with a +0 war axe!
* * * LOW HITPOINT WARNING * * *
You hit the orc warrior.
The orc warrior is heavily wounded.
You block the orc warrior's attack.
Some of the chunks of flesh in your inventory have rotted away.
You hit the orc warrior.
The orc warrior is heavily wounded.
The orc warrior hits you with a +0 war axe!
* * * LOW HITPOINT WARNING * * *
The orc wizard mumbles some strange words.
The orc wizard blinks!
You hit the orc warrior.
The orc warrior is heavily wounded.
The orc warrior hits you with a +0 war axe!!
You die...

###### .. #....## ...
#.)..## ..# #....## #.#
##...## # #.#######.#.##
... #.#...........
...o.######.#.###.....#.
#Zoo@.##...#.....#รท..
#####..#..#.....##...
##.......####....
###..##.###..))#
...##.....##.#
.##.....#.....# ..
#..#.##.###.< . #..# ##.
##. ..# .. #.


You could see an orc warrior, 2 orcs and a bullfrog zombie.

Vanquished Creatures
  Sigmund (D:2)
  Edmund (D:4)
  A phantom (D:4)
  2 ogres (D:5)
  Blork the orc (D:4)
  3 scorpions
  A howler monkey (D:5)
  A hound (D:6)
  2 orc priests
  An orc wizard (D:4)
  Jessica (D:2)
  Ijyb (D:3)
  5 worker ants
  A hound skeleton (D:6)
  Robin (D:4)
  A worker ant zombie (D:5)
  7 gnolls
  11 adders
  A shadow imp (D:5)
  An adder zombie (D:4)
  An adder skeleton (D:4)
  3 dart slugs
  4 leopard geckos
  19 orcs
  8 bats
  3 giant cockroaches (D:3)
  10 goblins
  11 hobgoblins
  6 jackals
  2 quokkas
  3 ball pythons
  7 frilled lizards
  5 kobolds
  A leopard gecko skeleton (D:4)
  10 rats
137 creatures vanquished.

Notes
Turn   | Place    | Note
-------+----------+-------------------------------------------
     0 | D:1      | Dittersdorf the Human Fighter began the quest for the Orb.
     0 | D:1      | Reached XP level 1. HP: 18/18 MP: 1/1
    57 | D:1      | Reached XP level 2. HP: 24/24 MP: 2/2
   255 | D:1      | Reached XP level 3. HP: 25/29 MP: 3/3
   856 | D:2      | Reached XP level 4. HP: 30/35 MP: 4/4
  1504 | D:2      | Reached XP level 5. HP: 39/41 MP: 5/5
  1524 | D:2      | Noticed Jessica
  1527 | D:2      | Killed Jessica
  2013 | D:2      | Noticed Sigmund
  2021 | D:2      | Killed Sigmund
  2021 | D:2      | Reached XP level 6. HP: 42/49 MP: 6/6
  2301 | D:3      | Reached XP level 7. HP: 51/55 MP: 7/7
  2767 | D:3      | Noticed Ijyb
  2776 | D:3      | Killed Ijyb
  3418 | D:4      | Noticed Blork the orc
  3444 | D:5      | Entered Level 5 of the Dungeon
  3713 | D:4      | Killed Blork the orc
  3925 | D:4      | Noticed Robin
  3931 | D:4      | Reached skill level 5 in Armour
  3943 | D:4      | Reached skill level 5 in Fighting
  3943 | D:4      | Reached skill level 5 in Shields
  3949 | D:4      | Killed Robin
  3963 | D:4      | Reached XP level 8. HP: 29/62 MP: 8/8
  4241 | D:4      | Noticed Edmund
  4275 | D:4      | Killed Edmund
  4872 | D:5      | Reached skill level 5 in Long Blades
  5206 | D:5      | Found a hazy altar of Hepliaklqana.
  5206 | D:5      | Found a faded altar of an unknown god.
  5211 | D:5      | Found a stormy altar of Qazlal.
  5213 | D:5      | Found a faded altar of an unknown god.
  5215 | D:5      | Found an ornate altar of the Wu Jian Council.
  5483 | D:5      | Found a blossoming altar of Fedhas.
  6369 | D:6      | Reached XP level 9. HP: 58/69 MP: 9/9
  6500 | D:6      | Mangled by an orc warrior

Levels and vault maps discovered:
D:1:      ncdulo_watergridlock, layout_loops_cross,
          chequers_serial_rivers_micro_b
D:2:      layout_loops_ring, uniq_sigmund, uniq_jessica
D:3:      layout_loops_ring, uniq_ijyb
D:4:      layout_loops_ring, uniq_edmund, uniq_blork_the_orc, uniq_robin
D:5:      layout_gridville, chequers_temple_overflow_minitemple, first_ration,
          basic_altar, minivault_5, grunt_decor_one_mirror
D:6:      layout_rooms, nemelex_xobeh_ov_fountains_minmay,
          kennysheep_little_box, minmay_temple_entry_butterflies, serial_shops,
          nicolae_shop_behind_doors, kennysheep_slug_shrine

Skill      XL: |  1  2  3  4  5  6  7  8  9 |
---------------+----------------------------+-----
Long Blades    | 3 4 5 |  5.5
Armour         | 4 5 6 |  6.0
Shields        | 4 5 6 |  6.0
Fighting       | 4 5 6 |  6.0

Action                   |  1- 3 |  4- 6 |  7- 9 || total
-------------------------+-------+-------+-------++-------
Melee: Long sword        |    87 |   142 |   423 ||   652
Throw: Dart              |       |       |    25 ||    25
 Stab: Invisible         |       |       |     1 ||     1
  Eat: Chunk             |       |     5 |    11 ||    16
       Ration            |       |       |     1 ||     1
Armor: Scale mail        |    25 |    63 |   140 ||   228
       Chain mail        |       |       |     3 ||     3
Dodge: Dodged            |    24 |    55 |   125 ||   204
Block: Shield            |    50 |    84 |   245 ||   379
       Rpst.: Long sword |     3 |    20 |    41 ||    64

Table legend:
 A = Non-vault XP
 B = Vault XP
 C = Vault XP percentage of total XP
 D = Non-vault monster count
 E = Vault monster count
 F = Vault count percentage of total count
                 A         B        C        D         E       F
            +---------+---------+-------+---------+---------+-------
      Total |    1433 |     574 |  28.6 |     124 |      13 |   9.5
            +---------+---------+-------+---------+---------+-------
        D:1 |      67 |       0 |   0.0 |      23 |       0 |   0.0
        D:2 |     156 |     264 |  62.9 |      22 |       2 |   8.3
        D:3 |     144 |      36 |  20.0 |      34 |       1 |   2.9
        D:4 |     490 |     274 |  35.9 |      25 |      10 |  28.6
        D:5 |     458 |       0 |   0.0 |      13 |       0 |   0.0
        D:6 |     118 |       0 |   0.0 |       7 |       0 |   0.0
            +---------+---------+-------+---------+---------+-------
